Cogmind - Beta 14 @@@ ROGUE MODE // 2024.08.12 @ 10:50:50 Player: JohnnyDongs Result: Destroyed by G-47 Trooper with Particle Gun Performance ------------- Evolutions (0) 0 Regions Visited (1) 200 Robots Destroyed (25) 125 Value Destroyed (397) 397 Prototype IDs (2) 40 Alien Tech Used (0) 0 Bonus (8) 8 TOTAL SCORE: 770 Bonus ------- High Alert Combat Kills 8 Cogmind --------- Core Integrity 0/250 Matter 240/300 Energy 24/125 System Corruption 10% Temperature Cool (13) Movement Treading (320) Ox2 Location -10/Materials Parts ------- > --- POWER (1) -------- Light Ion Engine > --- PROPULSION (2) --- Light Treads Wheel > --- UTILITY (2) ------ Heat Sink High-capacity Storage Unit > --- WEAPON (2) ------- EM Pulse Gun Medium Laser > --- INVENTORY (20) --- Wheel Flight Unit Large Battery (200) Large Battery (200) Signal Interpreter Peak State ------------ > --- POWER ------------ Ion Engine > --- PROPULSION ------- Aluminum Leg Aluminum Leg > --- UTILITY ---------- High-capacity Storage Unit Improved Terrain Scanner > --- WEAPON ----------- Assault Rifle Grenade Launcher > --- INVENTORY -------- Light Ion Engine Light Treads Wheel Wheel Flight Unit Heat Sink Large Battery Large Battery Signal Interpreter EM Pulse Gun [Rating: 10] Favorites ----------- Power Light Ion Engine Engine Light Ion Engine Propulsion Aluminum Leg Treads Light Treads Leg Aluminum Leg Wheel Wheel Utility Improved Terrain Scanner Device Improved Terrain Scanner Storage High-capacity Storage Unit Weapon Grenade Launcher Energy Gun EM Pulse Gun Ballistic Gun Light Assault Rifle Launcher Grenade Launcher Build | -11 -10 ------- Run | Yrd Mat Slots Evolved . | . . Power . | . . Propulsion . | . . Utility . | . . Weapon . | . . Parts Attached 16 | 6 10 Power 3 | 1 2 Engine 3 | 1 2 Core . | . . Reactor . | . . Propulsion 4 | 2 2 Treads 1 | . 1 Leg 2 | 2 . Wheel 1 | . 1 Hover . | . . Flight . | . . Utility 3 | 1 2 Device 2 | 1 1 Storage 1 | . 1 Processor . | . . Hackware . | . . Protection . | . . Artifact . | . . Weapon 6 | 2 4 Energy Gun 3 | 1 2 Energy Cannon . | . . Ballistic Gun 2 | 1 1 Ballistic Cannon . | . . Launcher 1 | . 1 Special Weapon . | . . Impact Weapon . | . . Slashing Weapon . | . . Piercing Weapon . | . . Special Melee Weapon . | . . Unidentified Prototypes . | . . Parts Lost 6 | . 6 Power 1 | . 1 Propulsion 2 | . 2 Utility 1 | . 1 Weapon 2 | . 2 Highest Loss Streak 6 | . 6 To Critical Strikes . | . . Average Slot Usage (%) 97 | . 97 Engine 13 | . 13 Leg 27 | . 27 Device 13 | . 13 Storage 13 | . 13 Ballistic Gun 13 | . 13 Launcher 13 | . 13 Peak Build Rating 10 | 8 10 Average Rating 8 | 3 8 On Entrance 4 | . 8 Naked Turns . | . . Heaviest Build 51 | 7 51 Greatest Support 20 | 20 20 Greatest Overweight (x) 2 | . 2 Average Overweight (x) 1 | . 1 Largest Inventory Capacity 20 | 5 20 Average Capacity 17 | 5 19 Most Carried 11 | 4 11 Average Carried 4 | 2 4 Final Capacity 20 | 5 20 Final Carried 5 | 2 5 Class Distribution -------------------- 100% | Mutant Dominant Class ---------------- Mutant | -10/Materials Resources | -11 -10 ----------- Run | Yrd Mat Matter Collected 498 | 249 249 Remotely . | . . Salvage Created 669 | 121 548 Parts 37 | 9 28 Haulers Intercepted 1 | . 1 Recyclers Shooed 2 | . 2 Parts Field Recycled . | . . Retrieved Matter . | . . Parts Self-Destructed . | . . Prevented . | . . Kills | -11 -10 ------- Run | Yrd Mat Combat Hostiles Destroyed 13 | 1 12 Guns 5 | 1 4 AOE 8 | . 8 Classes Destroyed 8 | 2 6 Builder 2 | . 2 Tunneler 3 | 3 . Hauler 1 | . 1 Recycler 4 | . 4 Operator 1 | . 1 Watcher 1 | . 1 Swarmer 6 | . 6 Grunt 7 | 1 6 Best Kill Streak 12 | 4 12 Combat Bots Only 8 | 1 8 Max Kills in Single Turn 3 | 1 3 Gunslinging . | . . Exploded 2 | . 2 Melee . | . . Uniques/NPCs Destroyed . | . . Combat | -11 -10 -------- Run | Yrd Mat Hostile Shots Fired 91 | 7 84 Missed 34 | 1 33 Damage Taken 1088 | 65 1023 Core 258 | 20 238 Absorbed by Shields . | . . Core Remaining (%) 92 | 92 . Volleys Fired 74 | 13 61 Largest 2 | 1 2 Hottest 50 | 40 50 Shots Fired 79 | 13 66 Gun 65 | 13 52 Cannon . | . . Launcher 14 | . 14 Special . | . . Kinetic 47 | . 47 Thermal . | . . Explosive 14 | . 14 Electromagnetic 18 | 13 5 Robot Hit Streak 5 | 5 5 Robot Miss Streak 3 | 1 3 Penetration Max . | . . Secondary Targets . | . . Shots Hit Robots 44 | 11 33 Core Hits 38 | 5 33 Critical Kills . | . . Critical Parts Destroyed 1 | . 1 Critical Strikes 1 | . 1 Destroy 1 | . 1 Melee Attacks . | . . Impact . | . . Slashing . | . . Piercing . | . . Sneak Attacks . | . . Combat Hostiles . | . . Follow-up Attacks . | . . Damage Inflicted 1413 | 187 1226 Guns 342 | 160 182 Cannons . | . . Explosions 1071 | 27 1044 Melee . | . . Ramming . | . . Kinetic 167 | . 167 Thermal 204 | 27 177 Explosive 867 | . 867 Electromagnetic 175 | 160 15 Impact . | . . Slashing . | . . Piercing . | . . Highest Corruption 10 | . 10 Average Corruption 10 | . 10 Corruption Purged . | . . Corruption Blocked . | . . Effects 1 | . 1 Energy Discharges 1 | . 1 Overload Shots . | . . Overflow Damage 24 | . 24 Projectiles . | . . Explosions 24 | . 24 Melee . | . . Knockbacks . | . . Impact . | . . Kinetic . | . . Secondary . | . . Self-Inflicted Damage 70 | . 70 Shots 3 | . 3 Rammed . | . . Targets Rammed . | . . Kicked . | . . Crushed . | . . Highest Temperature 45 | 30 45 Average Temperature 18 | 23 15 Received Heat Transfer 303 | 36 267 Siege Activations . | . . Robots Corrupted . | . . Combat Hostiles . | . . Parts Fried . | . . Impact Corruptions . | . . Robots Melted . | . . Combat Hostiles . | . . Parts Melted . | . . Heat Transferred 150 | . 150 Parts Sabotaged . | . . Parts Stolen . | . . Parts Stripped . | . . Power Chain Reactions 1 | 1 . Alert | -11 -10 ------- Run | Yrd Mat Peak Influence 383 | 35 383 Initial 22 | . 22 Average 105 | 6 122 Maximum Alert Level 2 | . 2 Low Security (%) 72 | 100 67 Level 1 27 | . 31 Level 2 . | . . Level 3 . | . . Level 4 . | . . Level 5 . | . . High Security . | . . Max Security . | . . Squads Dispatched 4 | . 4 Investigation 1 | . 1 Extermination . | . . Reinforcement 3 | . 3 Assault . | . . Garrison . | . . Intercept . | . . Searches Triggered . | . . Construction Impeded . | . . Haulers Reinforced . | . . Active Scanning Responses . | . . Cargo Convoy Interrupts . | . . Stealth | -11 -10 --------- Run | Yrd Mat Distress Signals 2 | . 2 Communications Jammed . | . . Distress Signals . | . . Times Spotted 29 | 1 28 Peak Tracking Total 8 | 1 8 Tactical Retreats 3 | . 3 Traps | -11 -10 ------- Run | Yrd Mat Traps Triggered . | . . Indirectly . | . . Trap Hack Attempts . | . . Triggered . | . . Disarmed . | . . Reprogrammed . | . . Reused . | . . Traps Extracted . | . . Installed . | . . Triggered . | . . Machines | -11 -10 ---------- Run | Yrd Mat Machines Disabled 1 | . 1 Max in Single Turn 1 | . 1 Machines Repaired . | . . Machines Dismantled . | . . Machines Sabotaged . | . . Overloaded Fab Kills . | . . Hacking | -11 -10 --------- Run | Yrd Mat Machines Accessed 1 | . 1 Terminals 1 | . 1 Fabricators . | . . Repair Stations . | . . Recycling Units . | . . Scanalyzers . | . . Garrison Access . | . . Total Hacks 4 | . 4 Successful 4 | . 4 Failed . | . . Catastrophic . | . . Database Lockouts . | . . Manual . | . . Terminals 4 | . 4 Fabricators . | . . Repair Stations . | . . Recycling Units . | . . Scanalyzers . | . . Garrison Access . | . . Terminal Hacks 4 | . 4 Record 2 | . 2 Prototype ID Bank 1 | . 1 Branch Access Points 1 | . 1 Fabricator Hacks . | . . Repair Station Hacks . | . . Recycling Unit Hacks . | . . Scanalyzer . | . . Garrison Access Hacks . | . . Unauthorized Hacks . | . . Terminals . | . . Fabricators . | . . Repair Stations . | . . Recycling Units . | . . Scanalyzers . | . . Garrison Access . | . . Data Cores Recovered . | . . Used . | . . Hacking Detections 1 | . 1 Full Trace Events 1 | . 1 Feedback Events . | . . Feedback Blocked . | . . Robot Schematics Acquired . | . . Robots Built . | . . Authchips . | . . Time . | . . Total Robot Build Rating . | . . Part Schematics Acquired . | . . Parts Built . | . . Authchips . | . . Time . | . . Total Part Build Rating . | . . Parts Repaired . | . . Time . | . . Parts Recycled . | . . Recycled Matter . | . . Retrieved Matter . | . . Retrieved Components . | . . Parts Scanalyzed . | . . Part Schematics Acquired . | . . Parts Damaged . | . . Bothacking | -11 -10 ------------ Run | Yrd Mat Used RIF Installer . | . . Robots Hacked . | . . Non-combat . | . . Combat . | . . Robot Hacks Applied . | . . Relay Couplers Released . | . . Fabnet Peak Effective % . | . . Robots Rewired . | . . Allies Hacked . | . . Hacks Repelled . | . . Allies | -11 -10 -------- Run | Yrd Mat Total Allies . | . . Largest Group . | . . Highest-Rated Group . | . . Highest-Rated Ally . | . . Total Orders . | . . Ally Attacks . | . . Total Damage . | . . Kills . | . . Allies Corrupted . | . . Allies Melted . | . . Intel | -11 -10 ------- Run | Yrd Mat Robot Analysis Total . | . . Derelict Logs Recovered . | . . Drone Launches . | . . Drone Recoveries . | . . Exploration | -11 -10 ------------- Run | Yrd Mat Turns Passed 674 | 103 571 Spaces Moved 238 | 65 173 Core 19 | 19 . Treads . | . . Legs 219 | 46 173 Wheels . | . . Hover . | . . Flight . | . . Fastest Speed 50 | 50 120 Average Speed 204 | 99 243 Slowest Speed 260 | 120 260 Overloaded Moves . | . . Propulsion Burnouts . | . . Robots Hopped . | . . Cave-ins Triggered 1 | . 1 Exploration Rate (%) 19 | 5 33 Regions Visited 1 Branch Regions . Pre-discovered Areas . | . . Known Exits Taken . | . . Unknown Exits Taken 1 | 1 . Scrap Searched . | . . Spaces Dug . | . . Terrain Destroyed 119 | 2 117 Melee . | . . Projectile . | . . AOE 119 | 2 117 Terrain Rammed . | . . Walls Destroyed . | . . Machines Disabled . | . . Actions | -11 -10 --------- Run | Yrd Mat Total 350 | 88 262 Wait 7 | 1 6 Move 237 | 64 173 Hop . | . . Pick Up 14 | 4 10 Fast Attach 5 | 4 1 Attach 10 | 2 8 Detach 1 | . 1 Swap 1 | . 1 Drop 1 | . 1 Fire 74 | 13 61 Melee . | . . Ram . | . . Kick . | . . Crush . | . . Escape Stasis . | . . Rewire . | . . Trap . | . . Miscellaneous . | . . Route ------- -11/Scrapyard -10/Materials (discovered 2 exits: Min x2) History --------- Turn | Location | Event 2 | -11/Scrapyard | Met Revision 17 64 | -11/Scrapyard | Discovered new exit (range 8) 104 | -11/Scrapyard | Entered Materials 236 | -10/Materials | Identified exit to Mines 304 | -10/Materials | Build established: Mutant 656 | -10/Materials | Crushed by falling debris 656 | -10/Materials | Core integrity fell below 50% 656 | -10/Materials | System corruption reached 10% 657 | -10/Materials | Core integrity fell below 20% 675 | -10/Materials | Destroyed by G-47 Trooper with Particle Gun Last Messages --------------- 00656_ System corrupted by crushing effect (+3). 00656_ Ion Engine destroyed. 00656_ System corrupted by crushing effect (+1). 00656_ Flight Unit crushed. 00656_ K-01 Serf collects debris. 00656_ U-05 Engineer lays Concrete. [Achievement: System Compromised] 00657_ System corrupted: Energy discharge (-40). 00658_ G-34 Mercenary destroyed. 00658_ Acquired Med. Laser. 00658_ U-05 Engineer lays Concrete. 00659_ Grenade Launcher destroyed. 00659_ K-01 Serf collects debris. 00659_ U-05 Engineer lays Concrete. 00660_ K-01 Serf collects debris. 00660_ U-05 Engineer lays Concrete. 00663_ K-01 Serf collects debris. 00664_ U-05 Engineer lays Concrete. 00665_ U-05 Engineer destroyed. 00665_ K-01 Serf collects debris. Map ----- +----------------------------------------------------+ | ?????????????????????????????????????????????????? | | ?????????????????????????????????????????????????? | | ?????????????????????????????????????????????????? | | ?????????????????????????????????????????????????? | | ?????????????????????????????????????????????????? | | ?????????????????????????????????????????????????? | | ?????????????????????????????????????????????????? | | ?????????????????????????????????????????????????? | | ?????????????????????????????????????????????????? | | ?????????????????????????????????????????????????? | | ???????????????????????####??????????????????????? | | ????????????????????? ??????????????????????? | | ???????????????????? ????????????????>?????? | | ???????????????????? o #?????????????????????? | | ????????????????????# * #?????????????????????? | | ????????????????????# [% #????"????????????????? | | ????????????????????# % ???????####???????????? | | ??????????????????#?# ?????? ####????????? | | ????????????######### g ?? ??? ??? ????? | | ???????????? ????? ?????? ?? | | ???????????? ????? ????????? | | ??????????? ##### ?# #?#?????? | | ???????????## #; ;""###?# #?????? ?? | | ????????????# !! #; """" #?# #????????? | | ????????????# =%*%; " ### ##???????# | | ????????????# =*@# " #?# ###?#? ? # | | ????????????# k w [% * " ## %##?? ?#??? | | ????????????# !=[ "# * #???????? | | ????????????# k === % #### ##?? | | ????????????# g%! w # " * # | | ???????????? """ #;;; # %########## | | ????????????# """ ### # # ! #???#?# | | ????????????#??? """ ########### ## ######### | | ?????????????????""" # """ ##### # = * # | | ??????????????????"" # """ # # =!# # | | ?????????????????? ?# """ + T % [ # | | ?????????????????? ?# # # | | ????????????????? ?# ## ## = # | + | | ????????????????? ?## ## ### ##%### | # | | ????????????????????? ?######## #?#### #####+ | | ???????????????? ???? ?##??#??# #???##%# ## | | ??????????????????????? ?? ?# ###?## # """ #% | | ??????????????????????#? ?????# #??### # """ + | | ????????????????????""? "????# #?#?## # """ # | | ???????????????????????????"??#+###### # ## | | ????????????????????? ????"? ?# # # """ ## | | ???????????????????????????? ## " # # """ ## | | ??????????????????????????????# """ + + """ ## | | ????????????????????? ??#?????# """ # # ## | | ??????????????????????#????#??# """ # #####+##### | +----------------------------------------------------+ Best States ------------- Heat Dissipation 25 Energy Generation 10 Energy Capacity 250 Matter Stores 300 Matter Capacity 300 Sight Range 16 Terrain Scan Range 16 Terrain Scan Density 10 Evasion (%) 55 Recoil Reduction 1 Item Schematics ----------------- None Robot Schematics ------------------ None Fabricated ------------ Nothing Alien Tech Used ----------------- None Achievements -------------- Loot Pinata System Compromised Unlikely Earthworm Challenges ------------ None Game ------ Seed FieldWeldingCompactor Manual? 0 Play Time 00:35:02 Cumulative 3.9 hours Start 2024.08.12 @ 10:07:46 End 2024.08.12 @ 10:50:50 Sessions 1 Manual Loads 0 Difficulty Rogue Special Mode None Game No. 3 Rogue 3 Adventurer 0 Explorer 0 Win Type - Total 0 Types 0/0/0/0/0/0/0/0/0 Lore% 0 Gallery% 6 Achievement% 7 Wizard Run 0 Options --------- Layout 1 ASCII 0 Keyboard 0 Movement Numpad Keybinds 0 Fullscreen 1 Font 24/Smallcaps Map View 50x35 Zoom Use 0% Tactical HUD 1 Map Filters NONE Filters NONE Steam 1 RUN: 4ddf0830-b67c-4ded-9117-bf456e6caa97